 Dungeon Crawl Stone Soup version 0.21-a0-591-g2314aa1 (webtiles) character file.

3052 Gildeon the Bolt Thrower (level 10, -8/74 HPs)
             Began as a Human Fighter on Dec 21, 2017.
             Was a Follower of Vehumet.
             Killed by the air
             ... invoked by Gastronok
              (40 damage)
             ... on level 8 of the Dungeon on Dec 22, 2017.
             The game lasted 00:38:42 (7558 turns).

Gildeon the Bolt Thrower (Human Fighter)            Turns: 7558, Time: 00:38:43

Health: -8/74      AC: 11    Str: 22    XL:     10   Next: 11%
Magic:  10/10      EV:  8    Int: 10    God:    Vehumet [*.....]
Gold:   253        SH:  0    Dex: 16    Spells: 8/9 levels left

rFire    + + .     SeeInvis +   a - +2 glaive (venom)
rCold    x . .     Gourm    .   (shield currently unavailable)
rNeg     . . .     Faith    .   r - +0 chain mail {rF+}
rPois    +         Spirit   .   D - +0 helmet
rElec    .         Reflect  .   (no cloak)
rCorr    .         Harm     .   (no gloves)
MR       .....                  (no boots)
Stlth    ..........             (no amulet)
HPRegen  0.22/turn              k - ring of fire
MPRegen  0.12/turn              c - ring of see invisible

@: mighty
A: talons 1, agile 1, poison resistance
a: Renounce Religion


You were on level 8 of the Dungeon.
You worshipped Vehumet.
Vehumet was aware of your devotion.
You were not hungry.

You visited 2 branches of the dungeon, and saw 9 of its levels.
You also visited: Sewer.

You collected 430 gold pieces.
You spent 177 gold pieces at shops.

Inventory:

Hand Weapons
 a - a +2 glaive of venom (weapon)
 n - the +5 arbalest "Giantslayer" {velocity, Int+4}
   (You found it in a sewer)

   Any bolt fired from it inflicts extra damage.
   It affects your intelligence (+4).
 s - a +2 dire flail of crushing
 u - a cursed -1 mace
 y - a +1 war axe
 z - a +4 mace
 B - a +0 shortbow
 E - a +3 spear
 F - a cursed +6 flail
 G - a +3 mace
 H - a +4 trident
Missiles
 b - 56 bolts
 i - 111 arrows
Armour
 e - a +3 plate armour
 o - the +2 leather armour "Penynwyc" {rC+ Dex+5}
   (You found it on level 4 of the Dungeon)

   It affects your dexterity (+5).
   It protects you from cold.
 r - a +0 chain mail of fire resistance (worn)
 D - a +0 helmet (worn)
Magical Staves
 C - an uncursed staff of wizardry {unknown}
Jewellery
 c - a ring of see invisible (right hand)
 k - a ring of fire (left hand)
 v - an uncursed ring of wizardry
 A - an uncursed ring of protection from fire
Wands
 x - a wand of enslavement (14)
 I - a wand of random effects (21)
Scrolls
 g - 4 scrolls of teleportation
 m - 2 scrolls of fog
 w - a scroll of fear
 K - a scroll of enchant weapon
Potions
 d - 3 potions of might
 h - 2 potions of brilliance
 j - 2 potions of curing
 l - 2 potions of agility
 p - a potion of haste
 t - a potion of ambrosia
Books
 q - a Young Poisoner's Handbook

   Spells                             Type                      Level
   a - Sting                          Conjuration/Poison           1
   b - Poisonous Vapours              Poison/Air                   2
   c - Mephitic Cloud                 Conjuration/Poison/Air       3
   d - Olgreb's Toxic Radiance        Poison                       4
   e - Venom Bolt                     Conjuration/Poison           5
Comestibles
 f - 8 rations
 J - 12 chunks of flesh


   Skills:
 - Level 5.2 Fighting
   Level 5.2 Long Blades
 - Level 5.1 Maces & Flails
 - Level 5.8 Polearms
 - Level 6.4 Crossbows
 + Level 6.1 Armour
   Level 3.0 Shields


You had 8 spell levels left.
You knew the following spells:

 Your Spells              Type           Power        Failure   Level  Hunger
a - Freeze                Ice            #...         96%         1    ##.....


Dungeon Overview and Level Annotations

Branches:
Dungeon (8/15)             Temple (1/1) D:6
   Lair: D:8-11

Altars:
Ashenzari
Cheibriados
Dithmenos
Elyvilon
Fedhas
Gozag
Hepliaklqana
Kikubaaqudgha
Makhleb
Nemelex Xobeh
Okawaru
Qazlal
Ru
Sif Muna
Trog
Uskayaw
Vehumet
Wu Jian
Xom
Yredelemnul
Zin
The Shining One

Shops:
D:4 (

Annotations:
D:8 Gastronok, Maurice


Innate Abilities, Weirdness & Mutations

You have sharp toenails.
You are agile. (Dex +2)
Your system is resistant to poisons. (rPois)


Message History

You finish memorising.
Spell assigned to 'a'.
g - 4 scrolls of teleportation (gained 1)
There is an open door, spattered with blood here.
Items here: ))))))) [[[ ††††††† Butcher an adder corpse? [(y)es/(c)hoosy/(n)o/(a)ll/(e)dible/(q)uit/?]
You butcher the adder corpse.
You stop butchering the corpses.
Gastronok the Ponderous comes into view.
You butcher the hound corpse.
You butcher the orc corpse. x4
There is an open door, spattered with blood here.
Items here: %%%%%% ))))))) [[[ ÷ †
e - a runed plate armour;
J - a chunk of flesh
J - 2 chunks of flesh (gained 1);
J - 4 chunks of flesh (gained 2)
J - 6 chunks of flesh (gained 2);
J - 9 chunks of flesh (gained 3)
J - 12 chunks of flesh (gained 3) Gastronok waves his eye-stalks in wide circles.
The air twists around and strikes you!
Ouch! That really hurt!
You die...

### #.# #.. #.# ###### #...
#.###############....######....
.>..............o..............
#.#####.....#####....####......
#...........+...@....+.........
#####.#.....#####....##........
# #...<.....# #....#.(.((.... #
#.##......# #..............
###.........# ####...........
............# #..w........(
#####.......# #.......(....
............# ##...........
.#.........## ##..........


You could see Gastronok.

Vanquished Creatures
  Pikel (D:7)
  A hungry ghost (D:5)
  Edmund (D:4)
  2 orc warriors (D:8)
  4 slaves (D:7)
  A phantom (D:4)
  3 ogres
  A centaur (D:6)
  4 bullfrogs
  A scorpion (D:8)
  A wyvern skeleton (D:6)
  9 wights
  A howler monkey (D:5)
  A bullfrog zombie (D:5)
  A quasit (D:7)
  4 crimson imps
  3 hounds
  3 orc priests
  A bullfrog skeleton (D:6)
  2 orc wizards (D:5)
  An iguana (D:4)
  4 worker ants
  A hound zombie (D:3)
  3 hound skeletons
  A worker ant zombie (D:3)
  4 gnolls (D:5)
  2 howler monkey skeletons
  5 adders
  2 shadow imps
  An ooze (D:1)
  4 adder skeletons
  4 worms
  5 leopard geckos
  21 orcs
  4 ball pythons
  8 bats
  10 giant cockroaches
  7 goblins
  14 hobgoblins
  4 jackals (D:5)
  3 quokkas
  A ball python skeleton (D:3)
  A ball python zombie (D:3)
  8 frilled lizards
  2 giant cockroach zombies (D:3)
  A jackal skeleton (D:3)
  7 kobolds
  2 leopard gecko skeletons
  2 leopard gecko zombies (D:3)
  A quokka skeleton (D:3)
  A quokka zombie (D:3)
  5 rats
  2 plants (D:1)
186 creatures vanquished.

Notes
Turn   | Place    | Note
-------+----------+-------------------------------------------
     0 | D:1      | Gildeon the Human Fighter began the quest for the Orb.
     0 | D:1      | Reached XP level 1. HP: 18/18 MP: 1/1
   251 | D:1      | Reached XP level 2. HP: 23/24 MP: 2/2
   507 | D:1      | Reached XP level 3. HP: 29/29 MP: 3/3
   623 | D:1      | Gained mutation: You are agile. (Dex +2) [potion of mutation]
   623 | D:1      | Gained mutation: Your system is resistant to poisons. (rPois) [potion of mutation]
   623 | D:1      | Gained mutation: You have sharp toenails. [potion of mutation]
  1093 | D:2      | Reached XP level 4. HP: 22/35 MP: 4/4
  1683 | D:3      | Reached XP level 5. HP: 29/41 MP: 5/5
  1805 | D:3      | Reached skill level 5 in Long Blades
  1833 | D:3      | Found a glowing drain.
  1845 | Sewer    | Entered a sewer
  2213 | Sewer    | Noticed a bullfrog
  2224 | Sewer    | Killed a bullfrog
  2224 | Sewer    | Reached XP level 6. HP: 31/48 MP: 6/6
  2241 | Sewer    | Got a steaming arbalest
  2689 | D:4      | Reached skill level 5 in Fighting
  2699 | D:4      | Got a smelly leather armour
  2711 | D:4      | Identified the +2 leather armour "Penynwyc" {rC+ Dex+5} (You found it on level 4 of the Dungeon)
  2956 | D:4      | Found Qurug's Weapon Shop.
  2965 | D:4      | Bought a +1 glaive of venom for 177 gold pieces
  2979 | D:4      | Reached skill level 1 in Polearms
  3018 | D:4      | Noticed Edmund
  3119 | D:4      | Reached XP level 7. HP: 47/56 MP: 7/7
  3643 | D:4      | Identified the +5 arbalest "Giantslayer" {velocity, Int+4} (You found it in a sewer)
  3836 | D:3      | Found a basalt altar of Yredelemnul.
  3953 | D:4      | Killed Edmund
  4119 | D:5      | Entered Level 5 of the Dungeon
  4422 | D:5      | Reached skill level 5 in Polearms
  4422 | D:5      | Reached XP level 8. HP: 62/62 MP: 8/8
  4654 | D:5      | Reached skill level 1 in Maces & Flails
  4678 | D:5      | Upgraded the game from 0.21-a0-584-g185da8e to 0.21-a0-591-g2314aa1
  5616 | D:6      | Reached skill level 5 in Maces & Flails
  5741 | D:6      | Reached skill level 1 in Crossbows
  5741 | D:6      | Reached XP level 9. HP: 45/68 MP: 9/9
  5788 | D:6      | Noticed a dagger
  5789 | D:6      | Noticed a hand axe
  5791 | D:6      | Found a hide-covered altar of Uskayaw.
  5891 | D:6      | Found a staircase to the Ecumenical Temple.
  5895 | Temple   | Entered the Ecumenical Temple
  5945 | Temple   | Became a worshipper of Vehumet
  6396 | D:7      | Noticed Pikel
  6423 | D:7      | Killed Pikel
  7518 | D:8      | Noticed Maurice
  7530 | D:8      | Reached XP level 10. HP: 36/74 MP: 10/10
  7531 | D:8      | Reached * piety under Vehumet
  7531 | D:8      | Offered knowledge of Freeze by Vehumet.
  7531 | D:8      | Reached skill level 5 in Armour
  7550 | D:8      | Learned a level 1 spell: Freeze
  7553 | D:8      | Noticed Gastronok
  7558 | D:8      | Killed from afar by Gastronok

Vault maps used:
D:1:      roderic_crop_circles_arrival_small, st_stairs_5
D:2:      first_ration, grunt_ministairs_1
D:3:      lemuel_upstairs_altar, portal_sewer_entry_d, serial_undead,
          serial_undead_f, serial_undead_d, serial_undead_d, serial_undead_c,
          serial_undead_a, serial_undead_e, serial_undead_d, serial_undead_a,
          serial_undead_b, serial_undead_d, st_stairs_10
D:4:      serial_shops, shop, uniq_edmund
D:6:      dancing_weapons_uskayaw, temple_hall_moat, lemuel_old_faithful
D:7:      uniq_pikel
D:8:      serial_shops, nicolae_shop_window_shopping, uniq_gastronok,
          uniq_maurice
Temple:   kilobyte_greek_temple
Sewer:    sewer_frog_island_01

Skill      XL: |  1  2  3  4  5  6  7  8  9 10 |
---------------+-------------------------------+-----
Long Blades    | 3 4 5 |  5.2
Fighting       | 4 5 |  5.2
Polearms       | 1 5 |  5.8
Maces & Flails | 5 |  5.1
Crossbows      | 1 6 |  6.4
Armour         | 4 6 |  6.1
Shields        | |  3.0

Action                   |  1- 3 |  4- 6 |  7- 9 | 10-12 || total
-------------------------+-------+-------+-------+-------++-------
Melee: Long sword        |   135 |   165 |       |       ||   300
       Kick              |     8 |    58 |    33 |     4 ||   103
       Glaive            |       |     6 |    95 |    15 ||   116
       Dire flail        |       |       |    52 |       ||    52
 Fire: Arbalest          |       |       |    90 |       ||    90
  Use: Scroll            |     7 |     9 |     8 |       ||    24
       Potion            |     1 |       |     1 |     2 ||     4
  Eat: Chunk             |     1 |     6 |     4 |       ||    11
       Ration            |       |     1 |     9 |       ||    10
Armor: Scale mail        |    25 |    69 |       |       ||    94
       Ring mail         |     8 |    22 |       |       ||    30
       Chain mail        |       |     2 |   106 |     4 ||   112
Dodge: Dodged            |    29 |   116 |    65 |     6 ||   216
       Rpst.: Long sword |     6 |    34 |       |       ||    40

Table legend:
 A = Spawn XP
 B = Non-spawn XP
 C = Spawn XP percentage of total XP
 D = Spawn monster count
 E = Non-spawn monster count
 F = Spawn count percentage of total count
 G = Total turns spent on level
                    A         B        C        D         E        F      G
               +---------+---------+-------+---------+---------+-------+---------
         Total |       0 |    4361 |   0.0 |       0 |     180 |   0.0 |  7558
               +---------+---------+-------+---------+---------+-------+---------
           D:1 |       0 |      29 |   0.0 |       0 |      14 |   0.0 |   822
           D:2 |       0 |      51 |   0.0 |       0 |      25 |   0.0 |   766
           D:3 |       0 |     171 |   0.0 |       0 |      38 |   0.0 |   719
           D:4 |       0 |     497 |   0.0 |       0 |      15 |   0.0 |  1410
           D:5 |       0 |     715 |   0.0 |       0 |      27 |   0.0 |  1355
           D:6 |       0 |     924 |   0.0 |       0 |      17 |   0.0 |   714
           D:7 |       0 |    1180 |   0.0 |       0 |      12 |   0.0 |  1111
           D:8 |       0 |     648 |   0.0 |       0 |      13 |   0.0 |   178
         Sewer |       0 |     146 |   0.0 |       0 |      19 |   0.0 |   402
               +---------+---------+-------+---------+---------+-------+---------
